Map: Dusk Towers

Players

PiG - Winner!

  • Race: Zerg Zerg
  • League: Grandmaster

iaguz

  • Race: Terran Terran

Event: 2016 WCS Winter Challenger Oceania SEA

VOD

Have the link to the VOD?

Description

Time

  • Played on: Feb. 14, 2016, 12:02 a.m.
  • Length: 10:05

All games in this series

Show
View Real Time Build Order
Export as new Build Order

PiG Zerg - Winner!

Build Orders: Hatch First, Muta Ling Bane 

Get SALT Encoding   

  12  0:01  Drone  
  13  0:12  Overlord  
  13  0:17  Drone  
  14  0:31  Drone x2  
  14  0:34  Drone  
  17  0:51  Hatchery  
  17  0:54  Drone  
  17  0:57  Drone  
  18  1:06  Extractor  
  17  1:12  Spawning Pool  
  17  1:15  Drone  
  17  1:18  Drone  
  18  1:28  Drone  
  19  1:38  Overlord  
  19  1:50  Drone  
  20  1:58  Queen  
  20  1:59  Zergling x2  
  23  2:03  Queen  
  23  2:04  Zergling x2  
  23  2:06  Metabolic Boost  
  26  2:12  Drone  
  27  2:19  Drone  
  28  2:29  Drone x2  
  30  2:34  Drone  
  30  2:35  Queen  
  33  2:38  Drone  
  34  2:46  Hatchery  
  34  2:50  Overlord  
  33  2:53  Drone  
  33  2:56  Drone  
  35  3:02  Drone  
  36  3:09  Drone x2  
  36  3:10  Drone x2  
  36  3:11  Drone x2  
  42  3:16  Drone x2  
  44  3:20  Overlord  
  44  3:22  Overlord  
  44  3:32  Overlord  
  44  3:38  Queen  
  44  3:41  Drone  
  47  3:44  Drone x2  
  47  3:45  Drone  
  47  3:46  Drone  
  47  3:47  Queen  
  52  3:48  Drone  
  52  3:49  Drone  
  52  3:50  Drone  
  55  3:59  Overlord  
  55  4:03  Lair  
  55  4:04  Drone x2  
  55  4:08  Drone x2  
  59  4:10  Baneling Nest  
  58  4:19  Drone x7  
  65  4:28  Overlord x2  
  65  4:29  Drone  
  66  4:33  Extractor  
  66  4:34  Extractor x2  
  66  4:36  Extractor x2  
  61  4:45  Zergling x4  
  62  4:48  Drone x3  
  62  4:49  Drone, Hatchery  
  65  4:53  Drone  
  65  4:55  Drone x2  
  65  4:57  Drone  
  69  5:00  Drone x3  
  69  5:01  Drone x3  
  69  5:02  Drone  
  69  5:06  Spire  
  75  5:07  Drone  
  76  5:15  Drone x2  
  76  5:16  Evolution Chamber  
  76  5:17  Overlord x2, Evolution Chamber  
  76  5:20  Drone  
  76  5:21  Drone  
  78  5:23  Zergling x10  
  78  5:24  Overseer  
  78  5:27  Centrifical Hooks  
  83  5:30  Zergling x4  
  83  5:32  Overlord  
  85  5:37  Zergling x6  
  85  5:40  Overseer  
  85  5:41  Zergling x4  
  87  5:52  Zergling x8  
  87  5:56  Drone x2  
  87  5:57  Drone  
  89  5:58  Drone x2  
  89  5:59  Zerg Melee Weapons Level 1  
  89  6:00  Drone  
  89  6:04  Zerg Ground Armor Level 1  
  91  6:21  Mutalisk x5  
  101  6:27  Mutalisk  
  103  6:36  Zerg Flyer Weapons Level 1  
  103  6:37  Drone x8  
  103  6:39  Overlord  
  111  6:47  Overlord  
  111  6:48  Zergling x8  
  111  6:49  Zergling x6  
  111  6:51  Zergling x4  
  120  6:57  Zergling x2  
  119  7:03  Drone x3  
  119  7:07  Zergling x10  
  126  7:12  Zergling x8  
  126  7:13  Infestation Pit  
  129  7:20  Overlord, Pneumatized Carapace  
  129  7:21  Overlord x2  
  129  7:23  Overlord  
  129  7:25  Overlord  
  129  7:27  Zergling x2  
  130  7:31  Baneling  
  130  7:32  Baneling x5  
  130  7:38  Extractor x2  
  130  7:39  Drone x3  
  130  7:40  Drone  
  130  7:42  Drone  
  130  7:43  Drone x3  
  136  7:46  Zergling x14  
  143  7:55  Zergling x4  
  143  7:56  Baneling x6  
  143  7:57  Zergling x4  
  147  8:00  Zergling x2  
  147  8:02  Mutalisk  
  149  8:08  Zergling x4  
  151  8:15  Zergling x4  
  151  8:16  Zergling x10  
  158  8:20  Hive  
  158  8:21  Zergling x10  
  158  8:25  Overlord, Hatchery  
  162  8:29  Zergling x4  
  162  8:31  Mutalisk  
  162  8:34  Pathogen Glands, Overseer  
  166  8:40  Zergling x6  
  169  8:45  Hatchery  
  169  8:46  Zergling x6  
  171  8:53  Zergling x14  
  177  8:56  Zergling x6  
  177  9:02  Baneling x7  
  180  9:03  Baneling x3  
  180  9:04  Baneling x2  
  180  9:11  Zergling x8  
  165  9:17  Zergling x6  
  165  9:18  Zergling x2  
  154  9:25  Zergling x4  
  154  9:27  Zergling x8  
  154  9:28  Zergling x8  
  162  9:32  Baneling x6  
  162  9:33  Baneling x4  
  158  9:38  Zergling x16  
  158  9:45  Zergling x4  
Show
View Real Time Build Order
Export as new Build Order

iaguz Terran 

Build Orders: MMM Bio 

Get SALT Encoding   

  12  0:00  SCV  
  13  0:13  SCV  
  14  0:17  Supply Depot  
  14  0:25  SCV  
  15  0:38  SCV  
  15  0:40  Barracks  
  16  0:50  SCV  
  17  1:03  SCV  
  18  1:12  Command Center  
  18  1:15  SCV  
  19  1:27  Marine  
  19  1:28  Orbital Command  
  20  1:33  Refinery  
  20  1:43  Supply Depot  
  20  1:45  Marine  
  21  1:48  Refinery  
  21  1:54  SCV  
  22  2:03  Marine  
  22  2:06  SCV  
  24  2:18  SCV  
  24  2:20  Marine  
  26  2:25  Orbital Command  
  26  2:29  Factory  
  26  2:35  SCV  
  27  2:44  Barracks Reactor  
  27  2:47  SCV  
  28  2:52  SCV  
  29  2:59  SCV  
  29  3:02  Command Center  
  29  3:04  SCV  
  31  3:13  SCV  
  31  3:14  Starport  
  31  3:15  Factory Tech Lab  
  31  3:16  SCV  
  33  3:20  Bunker, Marine  
  33  3:22  Marine  
  33  3:25  SCV  
  36  3:28  SCV  
  36  3:33  Siege Tank  
  40  3:37  Supply Depot  
  40  3:39  SCV  
  40  3:40  SCV  
  42  3:42  Marine  
  42  3:44  Marine  
  44  3:52  Fusion Core  
  44  3:54  SCV x2  
  46  4:02  Refinery, Marine  
  47  4:06  SCV x2  
  49  4:14  Orbital Command  
  49  4:16  Widow Mine  
  49  4:17  Medivac  
  49  4:18  SCV x2  
  55  4:24  Marine x2  
  55  4:26  Supply Depot  
  55  4:31  SCV x2  
  59  4:37  Liberator  
  59  4:41  SCV  
  59  4:43  SCV x2  
  62  4:51  Marine x2  
  64  4:53  Advanced Ballistics  
  64  4:57  SCV x2, Barracks  
  64  4:58  Refinery, Barracks  
  69  5:01  Orbital Command  
  69  5:02  Supply Depot x2  
  69  5:05  Factory Reactor  
  69  5:09  SCV x2  
  71  5:14  Barracks Tech Lab  
  71  5:19  Liberator  
  71  5:21  SCV x2  
  73  5:22  Engineering Bay x2  
  73  5:29  SCV  
  73  5:30  Supply Depot  
  73  5:31  Supply Depot  
  73  5:33  SCV x2, Marine  
  77  5:37  Stimpack  
  77  5:41  SCV  
  81  5:45  SCV  
  82  5:58  Terran Infantry Weapons Level 1, SCV x2  
  82  5:59  Marine  
  82  6:02  SCV, Barracks x2  
  82  6:03  Barracks Tech Lab  
  82  6:04  Factory Reactor, Barracks, Terran Infantry Armor Level 1  
  86  6:10  SCV x2  
  88  6:12  Supply Depot x2  
  88  6:14  SCV  
  89  6:20  Marine x3  
  89  6:22  SCV  
  89  6:23  Combat Shields, Marine  
  94  6:27  SCV x2  
  94  6:28  Refinery  
  94  6:29  Barracks x2  
  96  6:37  Marine  
  96  6:38  Marine x2  
  99  6:41  Marine  
  100  6:47  Armory  
  100  6:49  SCV x3  
  100  6:50  Marine  
  100  6:51  Medivac x2  
  100  6:52  Barracks Reactor  
  100  6:53  Barracks Reactor  
  105  6:55  Marine  
  105  6:56  Marine x2  
  105  6:57  Marine  
  105  6:58  Marine  
  110  7:05  Missile Turret  
  110  7:06  Missile Turret  
  110  7:07  Missile Turret  
  110  7:08  Missile Turret, Marine  
  110  7:13  Marine  
  110  7:14  Marine x3  
  112  7:16  Marine  
  112  7:17  Missile Turret  
  112  7:20  Barracks Reactor x2  
  113  7:23  Medivac x2  
  113  7:26  Marine  
  118  7:31  Supply Depot, Marine x5  
  118  7:32  Supply Depot x2, Marine  
  124  7:38  Siege Tank  
  124  7:39  Marine x3  
  124  7:40  Concussive Shells  
  130  7:44  Marine  
  131  7:54  Marine x4  
  131  7:55  Medivac x2, Marine x2  
  131  7:57  Marauder  
  143  8:02  Supply Depot, Marauder, Marine x4  
  143  8:03  Marine x2  
  143  8:04  Supply Depot  
  151  8:06  Supply Depot x2  
  151  8:12  Marine x3  
  148  8:13  Siege Tank, Marine  
  148  8:14  Marine x2  
  148  8:18  Marauder  
  152  8:23  Marine x4  
  152  8:24  Marauder, Marine  
  159  8:40  Marauder  
  161  8:44  Marine x5  
  161  8:45  Marauder, Widow Mine, Marine x4  
  174  8:52  Marine x2  
  156  9:01  Marauder  
  158  9:06  Marine  
  158  9:07  Marauder, Marine x6  
  158  9:08  Medivac x2  
  171  9:13  Widow Mine  
  157  9:18  Marine x2  
  157  9:22  Marine x3  
  157  9:23  Marauder  
  129  9:24  Marine x2  
  129  9:27  Marine  
  129  9:28  Marauder, Marine x2  
  129  9:29  Marine  
  123  9:37  Marine x3  
  116  9:39  SCV  
  116  9:40  Marine x3  
  116  9:42  Marine x2  
Tags
 
Add a new tag
Caveats
  • Supply blocks, unpowered buildings, or Contaminate may cause inaccurate times.
  • Supply counts are checked every 10 seconds.